 Dungeon Crawl Stone Soup version 0.30.1-1-g62c8e00024 (webtiles) character file.

Game seed: 11016033135918672246

61 spaghetti the Shooter (level 3, 1/40 HPs)
             Began as a Demonspawn Hunter on July 17, 2023.
             Quit the game on level 3 of the Dungeon.
             The game lasted 00:01:24 (1611 turns).

spaghetti the Shooter (Demonspawn Hunter)           Turns: 1611, Time: 00:01:25

Health: 1/40       AC:  3    Str: 11    XL:     3   Next: 83%
Magic:  3/3        EV: 12    Int: 10    God:
Gold:   83         SH:  0    Dex: 18    Spells: 2/2 levels left

rFire   . . .        a - +0 shortbow
rCold   . . .        (shield currently unavailable)
rNeg    . . .        c - +0 leather armour
rPois   .            (no helmet)
rElec   .            (no cloak)
rCorr   .            (no gloves)
SInv    .            (no boots)
Will    .....        k - amulet of regeneration Stlth
                     (no ring)
HPRegen 1.06/turn    (no ring)
MPRegen 0.08/turn

%: no passive effects
@: berserking, very quick
A: weakness stinger 1
a: no special abilities


You were on level 3 of the Dungeon.
You visited 1 branch of the dungeon, and saw 3 of its levels.

You collected 83 gold pieces.

Inventory:

Hand Weapons
 a - a +0 shortbow (weapon)
Armour
 c - a +0 leather armour (worn)
Jewellery
 k - an amulet of regeneration (around neck)
Wands
 j - a wand of charming (12)
Scrolls
 b - 2 scrolls of immolation
 d - 3 scrolls of teleportation {unknown}
 g - a scroll of enchant weapon {unknown}
 i - a scroll of noise {unknown}
 m - 2 scrolls of identify {unknown}
Potions
 e - 2 potions of heal wounds {unknown}
 h - a potion of flight {unknown}
 l - 2 potions of mutation {unknown}


   Skills:
 - Level 2.0 Fighting
 + Level 5.0 Ranged Weapons
 - Level 1.7 Dodging
 - Level 0.8 Stealth


You had 2 spell levels left.
You didn't know any spells.
Your spell library contained the following spells:

 Spells                   Type           Power      Damage    Failure   Level
 Shock                    Conj/Air       0%         1d3       45%         1
 Swiftness                Air            0%         N/A       83%         3
 Airstrike                Air            0%         2d(0-16)  99%         4


Dungeon Overview and Level Annotations

Branches:
Dungeon (3/15)

Altars:

Shops:
D:1 *

Annotations:
D:3 Robin


Innate Abilities, Weirdness & Mutations

You have a small tail.


Message History

The goblin barely misses you. The goblin hits you with a +0 club.
Robin roars a battlecry!
The goblins go into a battle-frenzy!
The goblin hits you with a +0 club. The goblin hits you but does no damage.
The goblin hits you with a +0 club. The goblin hits you but does no damage.
You shoot an arrow. The arrow hits the goblin.
The goblin is severely wounded.
The goblin hits you but does no damage. The goblin hits you with a +0 club.
Robin flexes a bicep menacingly.
The goblin barely misses you.
Unknown command.
Unknown command.
Unknown command.
It was a potion of berserk rage.
A red film seems to cover your vision as you go berserk!
You feel yourself moving faster!
You feel mighty! The goblin hits you with a +0 club. x3
* * * LOW HITPOINT WARNING * * *
Really attack while wielding your +0 shortbow? [Y]es or [N]o only, please.
Really attack while wielding your +0 shortbow? [Y]es or [N]o only, please.
Really attack while wielding your +0 shortbow?
You closely miss the goblin. The goblin hits you with a +0 club.
* * * LOW HITPOINT WARNING * * *
The goblin barely misses you. x2
Unknown command.
You clumsily bash the goblin.
The goblin is severely wounded.
The goblin hits you with a +0 club.
* * * LOW HITPOINT WARNING * * *
The goblin completely misses you. The goblin barely misses you.
You hit the goblin!
You kill the goblin!
The goblin hits you with a +0 club.
* * * LOW HITPOINT WARNING * * *
Robin throws the goblin at you! The goblin closely misses you.
The goblin barely misses you.
Unknown command.
Are you sure you want to abandon this character and quit the game? (Confirm with "yes".)

##...## ##.....##
## .. .
##.......##
##.#...
#.........#
##....#.
'.........+ ......
#......._.# .g)g#
##.......#
ggg#####.
##.....##
#ggg..... ##...##
#@# ##'## #g# #.#
#.# #.# #.# ##.##
#.# ##...## #.#
###.....# #.#
........########.#
#####.#..........#


You could see Robin, 2 hobgoblins and 6 goblins.

Vanquished Creatures
  2 adders (D:2)
  2 adder skeletons (D:2)
  5 endoplasms
  5 goblins
  4 hobgoblins (D:1)
  2 quokkas (D:1)
  5 ball pythons (D:1)
  3 bats (D:1)
  2 frilled lizards (D:1)
  A giant cockroach zombie (D:2)
  3 kobolds
  2 quokka zombies (D:2)
  2 rats (D:1)
38 creatures vanquished.

Notes
Turn   | Place    | Note
-------+----------+-------------------------------------------
     0 | D:1      | spaghetti the Demonspawn Hunter began the quest for the
                  | Orb.
     0 | D:1      | Reached XP level 1. HP: 16/16 MP: 1/1
    95 | D:1      | Reached skill level 4 in Ranged Weapons
   118 | D:1      | Gained mutation: You have a small tail. [demonic ancestry]
   118 | D:1      | Reached XP level 2. HP: 21/22 MP: 2/2
   146 | D:1      | Found Geblux's Assorted Antiques.
   849 | D:2      | Reached XP level 3. HP: 27/27 MP: 3/3
  1438 | D:2      | Reached skill level 5 in Ranged Weapons
  1564 | D:3      | Found a faded altar of an unknown god.
  1601 | D:3      | Noticed Robin
  1610 | D:3      | HP: 1/40 [goblin/+0 club[Robin] (4)]
  1611 | D:3      | Quit the game

Illustrated notes

Levels and vault maps discovered:
D:1:      minmay_arrival_plants_in_alcoves, layout_loops_cross, serial_shops,
          shop, kennysheep_small_spiral, st_stairs_12, corner_web_ring
D:2:      layout_loops_corners, serial_undead, serial_undead_e, serial_undead_a,
          serial_undead_e, serial_undead_c, minivault_19
D:3:      layout_loops_corners, basic_ecumenical_altar, nicolae_hexahallways,
          kennysheep_jessica_study, uniq_grinder, uniq_robin, uniq_natasha

Skill      XL: |  1  2  3 |
---------------+----------+-----
Ranged Weapons | 4 5 |  5.0
Fighting       | |  2.0
Dodging        | |  1.7
Stealth        | |  0.8

Action                     || total
---------------------------++-------
  Melee: Shortbow          ||     3
   Fire: Shortbow          ||   102
    Use: Potion            ||     1
 Armour: Leather armour    ||    16
  Dodge: Dodged            ||    27
